MWL
BURLINGTON BEES @ QUAD CITIES ANGELS
05/07/1981
 
TOP OF THE 1ST
Burlington Bees batting - Pitching for Quad Cities Angels : RHP Timothy Florey
Pitching: RHP Timothy Florey
Batting: RHB Mike Quade 0-0: Ground out 5-3 (Groundball, 56, EV 97.5 MPH)
Batting: SHB Horace Ransom 0-0: Ground out 4-3 (Groundball, 4, EV 105.6 MPH)
Batting: RHB Herbert Kizer 0-0: Foul Ball, location: 2F
0-1: Ball
1-1: Ball
2-1: Foul Ball, location: 2F
2-2: Strikes out swinging
Top of the 1st over - 0 runs, 0 hits, 0 errors, 0 left on base; Burlington 0 - Quad Cities 0
BOTTOM OF THE 1ST
Quad Cities Angels batting - Pitching for Burlington Bees : RHP Brian Ryder
Pitching: RHP Brian Ryder
Batting: LHB Stanley Hendrickson 0-0: Ball
1-0: Foul Ball, location: 2F
1-1: Foul Ball, location: 2F
1-2: Ball
2-2: Ball
3-2: Ground out 6-3 (Groundball, 6M, EV 80.0 MPH)
Batting: RHB Dionisio DeJesus 0-0: Ball
1-0: Ball
2-0: Ball
3-0: Called Strike
3-1: Base on Balls
Batting: LHB Bob Helsom 0-0: Ball
1-0: Foul Ball, location: 2F
1-1: Foul Ball, location: 2F
1-2: Ball
2-2: Ball
3-2: SINGLE (Line Drive, 89S, EV 96.9 MPH)
Dionisio DeJesus to second
Batting: LHB Chuck Sandberg 0-0: Foul Ball, location: 2F
0-1: Called Strike
0-2: Foul Ball, location: 2F
0-2: Ball
1-2: Foul Ball, location: 2F
1-2: Fly out, F4 (Popup, 4, EV 61.3 MPH)
Batting: RHB Danny Ramires 0-0: Ball
1-0: Ball
2-0: SINGLE (Line Drive, 4D, EV 95.6 MPH)
Dionisio DeJesus to third
Bob Helsom to second
Batting: LHB Keith Rokosz 0-0: Ball
1-0: Ball
2-0: Foul Ball, location: 2F
2-1: Foul Ball, location: 2F
2-2: Ball
3-2: Base on Balls
Dionisio DeJesus scores
Bob Helsom to third
Danny Ramires to second
Batting: RHB Michael Hanson 0-0: Called Strike
0-1: Swinging Strike
0-2: Ball
1-2: SINGLE (Line Drive, 4MD, EV 102.5 MPH)
Bob Helsom scores
Danny Ramires to third
Keith Rokosz to second
Runner from 3rd tries for Home, SAFE, throw by CF to home
Batting: RHB Brad Fischer 0-0: Ball
1-0: Fly out, F8 (Flyball, 8LD, EV 97.5 MPH)
Bottom of the 1st over - 3 runs, 3 hits, 0 errors, 2 left on base; Burlington 0 - Quad Cities 3
TOP OF THE 2ND
Burlington Bees batting - Pitching for Quad Cities Angels : RHP Timothy Florey
Batting: RHB Daniel Johnson 0-0: Fly out, F9 (Flyball, 89S, EV 70.6 MPH)
Batting: RHB Thomas Echstenkamper 0-0: Ball
1-0: Foul Ball, location: 2F
1-1: Called Strike
1-2: Ball
2-2: Ball
3-2: Fly out, F7 (Flyball, 78S, EV 81.3 MPH)
Batting: RHB Anthony Veith 0-0: Fly out, F4 (Popup, 34, EV 78.8 MPH)
Top of the 2nd over - 0 runs, 0 hits, 0 errors, 0 left on base; Burlington 0 - Quad Cities 3
BOTTOM OF THE 2ND
Quad Cities Angels batting - Pitching for Burlington Bees : RHP Brian Ryder
Batting: RHB Lance Ediger 0-0: Swinging Strike
0-1: Ball
1-1: SINGLE (Groundball, 6MD, EV 97.5 MPH)
Batting: LHB Stanley Hendrickson 0-0: Ball
1-0: Fly out, F5 (Popup, 56S, EV 66.9 MPH)
Batting: RHB Dionisio DeJesus 0-0: Foul Ball, location: 2F
0-1: Called Strike
0-2: Ball
1-2: DOUBLE (Line Drive, 7LM, EV 101.3 MPH)
Lance Ediger to third
Runner from 3rd tries for Home, SAFE, no throw by LF
Batting: LHB Bob Helsom 0-0: Ball
1-0: Ground out 1-3 (Groundball, 13, EV 91.3 MPH)
Dionisio DeJesus to third
Batting: LHB Chuck Sandberg 0-0: Called Strike
0-1: Ball
1-1: Ball
2-1: Ball
3-1: Base on Balls
Batting: RHB Danny Ramires 0-0: Fly out, F9 (Flyball, 89M, EV 83.8 MPH)
Bottom of the 2nd over - 1 run, 2 hits, 0 errors, 2 left on base; Burlington 0 - Quad Cities 4
TOP OF THE 3RD
Burlington Bees batting - Pitching for Quad Cities Angels : RHP Timothy Florey
Batting: LHB Frank Hardy 0-0: Called Strike
0-1: Fly out, F6 (Line Drive, 6, EV 70.6 MPH)
Batting: RHB Nick Hernandez 0-0: Ground out 6-3 (Groundball, 6, EV 101.3 MPH)
Batting: RHB Ronald Adkins 0-0: Called Strike
0-1: Ball
1-1: Ground out 4-3 (Groundball, 4, EV 90.0 MPH)
Top of the 3rd over - 0 runs, 0 hits, 0 errors, 0 left on base; Burlington 0 - Quad Cities 4
BOTTOM OF THE 3RD
Quad Cities Angels batting - Pitching for Burlington Bees : RHP Brian Ryder
Batting: LHB Keith Rokosz 0-0: Fly out, F9 (Line Drive, 9, EV 101.3 MPH)
Batting: RHB Michael Hanson 0-0: Ball
1-0: Ball
2-0: Fly out, F7 (Flyball, 78D, EV 102.5 MPH)
Batting: RHB Brad Fischer 0-0: Ball
1-0: Ball
2-0: SINGLE (Groundball, 6D, EV 102.5 MPH)
Batting: RHB Lance Ediger 0-0: Ball
1-0: Ground out U3 (Groundball, 3S, EV 87.5 MPH)
Bottom of the 3rd over - 0 runs, 1 hit, 0 errors, 1 left on base; Burlington 0 - Quad Cities 4
TOP OF THE 4TH
Burlington Bees batting - Pitching for Quad Cities Angels : RHP Timothy Florey
Batting: RHB Mike Quade 0-0: Called Strike
0-1: Ball
1-1: Foul Ball, location: 2F
1-2: Ground out 3-1 (Groundball, 34, EV 89.4 MPH)
Batting: SHB Horace Ransom 0-0: Ball
1-0: Fly out, F8 (Flyball, 8RD, EV 104.4 MPH)
Batting: RHB Herbert Kizer 0-0: Called Strike
0-1: Ball
1-1: Ball
2-1: Ball
3-1: Base on Balls
Batting: RHB Daniel Johnson 0-0: Called Strike
0-1: Ball
1-1: Called Strike
1-2: Foul Ball, location: 2F
1-2: Foul Ball, location: 2F
1-2: SINGLE (Line Drive, 78M, EV 96.9 MPH)
Herbert Kizer to second
Batting: RHB Thomas Echstenkamper 0-0: Ball
1-0: Ground out 1-3 (Groundball, 34S, EV 78.8 MPH)
Top of the 4th over - 0 runs, 1 hit, 0 errors, 2 left on base; Burlington 0 - Quad Cities 4
BOTTOM OF THE 4TH
Quad Cities Angels batting - Pitching for Burlington Bees : RHP Brian Ryder
Batting: LHB Stanley Hendrickson 0-0: Called Strike
0-1: Ball
1-1: Foul Ball, location: 2F
1-2: Ball
2-2: Ball
3-2: Ground out 6-3 (Groundball, 6, EV 93.1 MPH)
Batting: RHB Dionisio DeJesus 0-0: Ball
1-0: Fly out, F7 (Flyball, 7, EV 93.1 MPH)
Batting: LHB Bob Helsom 0-0: Foul Ball, location: 2F
0-1: Called Strike
0-2: Ball
1-2: SINGLE (Line Drive, 8LM, EV 90.6 MPH)
Batting: LHB Chuck Sandberg 0-0: Ball
1-0: Fly out, F9 (Flyball, 9LM, EV 92.5 MPH)
Bottom of the 4th over - 0 runs, 1 hit, 0 errors, 1 left on base; Burlington 0 - Quad Cities 4
TOP OF THE 5TH
Burlington Bees batting - Pitching for Quad Cities Angels : RHP Timothy Florey
Batting: RHB Anthony Veith 0-0: Called Strike
0-1: Ball
1-1: Swinging Strike
1-2: SINGLE (Flyball, 78S, EV 91.9 MPH)
Batting: LHB Frank Hardy 0-0: Ball
1-0: Ball
2-0: Called Strike
2-1: Ball
3-1: Sac Bunt to 13S - play at first, batter OUT! 1-3
Anthony Veith to second
Batting: RHB Nick Hernandez 0-0: Called Strike
0-1: Swinging Strike
0-2: Ball
1-2: Ball
2-2: Ball
Wild Pitch!
Anthony Veith to third
3-2: Strikes out looking
Batting: RHB Ronald Adkins 0-0: Ball
1-0: Ground out 4-3 (Groundball, 4S, EV 90.6 MPH)
Top of the 5th over - 0 runs, 1 hit, 0 errors, 1 left on base; Burlington 0 - Quad Cities 4
BOTTOM OF THE 5TH
Quad Cities Angels batting - Pitching for Burlington Bees : RHP Brian Ryder
Batting: RHB Danny Ramires 0-0: Foul Ball, location: 2F
0-1: Foul Ball, location: 2F
0-2: Ball
1-2: Ball
2-2: Strikes out swinging
Batting: LHB Keith Rokosz 0-0: Called Strike
0-1: Foul Ball, location: 2F
0-2: Ground out U3 (Groundball, 34, EV 101.9 MPH)
Batting: RHB Michael Hanson 0-0: Foul Ball, location: 2F
0-1: Ball
1-1: Ball
2-1: Fly out, F5 (Popup, 5SF, EV 68.8 MPH)
Bottom of the 5th over - 0 runs, 0 hits, 0 errors, 0 left on base; Burlington 0 - Quad Cities 4
TOP OF THE 6TH
Burlington Bees batting - Pitching for Quad Cities Angels : RHP Timothy Florey
Batting: RHB Mike Quade 0-0: Called Strike
0-1: Ball
1-1: Ball
2-1: Fly out, F3 (Popup, 23F, EV 84.4 MPH)
Batting: SHB Horace Ransom 0-0: Ball
1-0: Called Strike
1-1: Ball
2-1: SINGLE (Groundball, 56D, EV 101.3 MPH)
Batting: RHB Herbert Kizer 0-0: Ball
1-0: Ball
2-0: Foul Ball, location: 2F
2-1: Foul Ball, location: 2F
2-2: Ball
Horace Ransom steals 2nd base (no throw)
3-2: Foul Ball, location: 2F
3-2: Base on Balls
Batting: RHB Daniel Johnson 0-0: Ball
1-0: Fly out, F8 (Line Drive, 8RD, EV 93.8 MPH)
Batting: RHB Thomas Echstenkamper 0-0: Ball
1-0: Swinging Strike
1-1: Called Strike
1-2: Foul Ball, location: 2F
1-2: Ball
2-2: Ball
3-2: Strikes out looking
Top of the 6th over - 0 runs, 1 hit, 0 errors, 2 left on base; Burlington 0 - Quad Cities 4
BOTTOM OF THE 6TH
Quad Cities Angels batting - Pitching for Burlington Bees : RHP Brian Ryder
Batting: RHB Brad Fischer 0-0: Foul Ball, location: 2F
0-1: Ball
1-1: Ground out 3-1 (Groundball, 34, EV 81.9 MPH)
Batting: RHB Lance Ediger 0-0: Ball
1-0: Foul Ball, location: 2F
1-1: Fly out, F4 (Popup, 3S, EV 86.3 MPH)
Batting: LHB Stanley Hendrickson 0-0: Called Strike
0-1: Foul Ball, location: 2F
0-2: Foul Ball, location: 2F
0-2: Ball
1-2: Ball
2-2: Foul Ball, location: 2F
2-2: Foul Ball, location: 2F
2-2: SINGLE (Groundball, 4MD, EV 110.6 MPH)
Batting: RHB Dionisio DeJesus 0-0: Ball
Stanley Hendrickson steals 2nd base
1-0: Ball
2-0: Fly out, F5 (Popup, 5SF, EV 88.8 MPH)
Bottom of the 6th over - 0 runs, 1 hit, 0 errors, 1 left on base; Burlington 0 - Quad Cities 4
TOP OF THE 7TH
Burlington Bees batting - Pitching for Quad Cities Angels : RHP Timothy Florey
Batting: RHB Anthony Veith 0-0: Ball
1-0: Ground out 4-3 (Groundball, 4S, EV 82.5 MPH)
Batting: LHB Frank Hardy 0-0: Called Strike
0-1: Swinging Strike
0-2: Foul Ball, location: 2F
0-2: Foul Ball, location: 2F
0-2: Foul Ball, location: 2F
0-2: Ball
1-2: Foul Ball, location: 2F
1-2: Foul Ball, location: 2F
1-2: Foul Ball, location: 2F
1-2: SINGLE (Line Drive, 78S, EV 103.8 MPH)
Batting: RHB Nick Hernandez 0-0: Ball
1-0: Called Strike
1-1: Foul Ball, location: 2F
1-2: Ball
2-2: Grounds into double play, 6-4-3 (Groundball, 6, EV 105.0 MPH)
Top of the 7th over - 0 runs, 1 hit, 0 errors, 0 left on base; Burlington 0 - Quad Cities 4
BOTTOM OF THE 7TH
Quad Cities Angels batting - Pitching for Burlington Bees : RHP Brian Ryder
Batting: LHB Bob Helsom 0-0: Ball
1-0: Fly out, F3 (Popup, 3F, EV 63.8 MPH)
Batting: LHB Chuck Sandberg 0-0: Ball
1-0: Swinging Strike
1-1: Ball
2-1: Ball
3-1: Called Strike
3-2: Strikes out swinging
Batting: RHB Danny Ramires 0-0: Ball
1-0: Ball
2-0: Ball
3-0: Called Strike
3-1: DOUBLE (Line Drive, 9LM, EV 91.9 MPH)
Batting: LHB Keith Rokosz 0-0: Ball
1-0: Fly out, F2 (Popup, 23F, EV 85.0 MPH)
Bottom of the 7th over - 0 runs, 1 hit, 0 errors, 1 left on base; Burlington 0 - Quad Cities 4
TOP OF THE 8TH
Burlington Bees batting - Pitching for Quad Cities Angels : RHP Timothy Florey
Batting: RHB Ronald Adkins 0-0: Ball
1-0: Ball
2-0: Ball
3-0: Base on Balls
Batting: RHB Mike Quade 0-0: Ball
1-0: Ball
2-0: Grounds into double play, 6-4-3 (Groundball, 6, EV 86.3 MPH)
Batting: SHB Horace Ransom 0-0: Ground out 4-3 (Groundball, 4, EV 101.9 MPH)
Top of the 8th over - 0 runs, 0 hits, 0 errors, 0 left on base; Burlington 0 - Quad Cities 4
BOTTOM OF THE 8TH
Quad Cities Angels batting - Pitching for Burlington Bees : RHP Brian Ryder
Batting: RHB Michael Hanson 0-0: Called Strike
0-1: Ball
1-1: Called Strike
1-2: Ground out 5-3 (Groundball, 5, EV 90.0 MPH)
Batting: RHB Brad Fischer 0-0: Ball
1-0: DOUBLE (Line Drive, 78XD, EV 104.4 MPH)
Batting: RHB Lance Ediger 0-0: SINGLE (Groundball, 5D, EV 102.5 MPH)
Brad Fischer to third
Runner from 3rd tries for Home, SAFE, no throw by LF
Pitching: RHP Domingo Almanzar
Batting: LHB Stanley Hendrickson 0-0: Called Strike
0-1: Ball
1-1: Ball
2-1: Ball
3-1: Called Strike
3-2: Fielders Choice at 2nd, 1-6 (Groundball, P, EV 78.1 MPH)
Batting: RHB Dionisio DeJesus 0-0: Ball
Stanley Hendrickson steals 2nd base (no throw)
1-0: Ball
2-0: Ball
3-0: Called Strike
3-1: Base on Balls
Batting: LHB Bob Helsom 0-0: Ball
1-0: Foul Ball, location: 2F
1-1: SINGLE (Line Drive, 8LS, EV 107.5 MPH)
Stanley Hendrickson to third
Dionisio DeJesus to second
Runner from 3rd tries for Home, SAFE, no throw by CF
Batting: LHB Chuck Sandberg 0-0: Ball
1-0: Called Strike
1-1: Foul Ball, location: 2F
1-2: Ball
2-2: Ground out U3 (Groundball, 3, EV 102.5 MPH)
Bottom of the 8th over - 2 runs, 3 hits, 0 errors, 2 left on base; Burlington 0 - Quad Cities 6
TOP OF THE 9TH
Burlington Bees batting - Pitching for Quad Cities Angels : RHP Timothy Florey
Pitching: RHP Rickey Lear
Batting: RHB Herbert Kizer 0-0: Swinging Strike
0-1: Fly out, F7 (Line Drive, 7, EV 90.6 MPH)
Batting: RHB Daniel Johnson 0-0: Swinging Strike
0-1: Ball
1-1: Ball
2-1: Foul Ball, location: 2F
2-2: Fly out, F9 (Flyball, 89D, EV 90.0 MPH)
Batting: RHB Thomas Echstenkamper 0-0: Ground out 6-3 (Groundball, 6, EV 83.8 MPH)
Top of the 9th over - 0 runs, 0 hits, 0 errors, 0 left on base; Burlington 0 - Quad Cities 6
Sunday, June 21st, 2020 - OOTP Baseball 21.4 Build 63